 BcadrenCrawl: Boulder Brew version 0.03.2.1-53-g4a99f7c548 (webtiles) character file.

Game seed: 9291242937764003812, levelgen mode: deterministic

71137 esc the Aspect of Tiamat (level 14, 0/130 HPs) Green Draconian Demonspawn. Began on Jan 30, 2021. Was the Champion of Bahamut & Tiamat. Slain by a hellwing (7 damage) ... summoned by an orc sorcerer ... while paralysed ... on level 2 of the Orcish Mines. The game lasted 00:43:57 (13005 turns).

esc the Aspect of Tiamat (DrDs)                    Turns: 13005, Time: 00:43:57

Health: 0/130      AC: 34    Str: 20    XL:     14 ^: 1250
Magic:  0/44       EV:  2    Int: 13    God:    Bahamut & Tiamat [6* [200]]
Gold:   1981       SH:  0    Dex: 15    Spells: 14/15 levels left

rFire    . . .     Vision   .     - Unarmed
rCold    . . .     Gourm    .     - Unarmed
rNeg     + + +     Faith    .   (armour unavailable)
rPois    ∞         Spirit   +   t - +2 hat {Str+3}
rElec    .         Reflect  .   k - scarf {Spirit}
rCorr    .         Harm     .   w - +2 pair of clawed gauntlets (freeze)
MR       +....                  (no boots)
Stlth    +.........             Q - amulet of regeneration
HPRegen  0.93/turn              I - ring of magical power
MPRegen  0.54/turn              g - ring of magical power

@: liquid flames, petrified, hasted, glowing
A: no body armour, unfitting armour, talons 2, rugged brown scales 3, foul
stench 1, spiny 2, cold-blooded, rot immunity, boosted axes & hammers aptitude,
boosted whips and flails aptitude, boosted stealth aptitude, poison enhancer 2,
rPois, AC +9
a: Breathe Noxious Fumes, Adaptive Breath, Summon Drakes, Change Draconian
Colour, Brand Weapon with Dragonslaying, Receive Book of the Dragon, Renounce
Religion


You were on level 2 of the Orcish Mines.
You worshipped Bahamut & Tiamat.
Bahamut & Tiamat was exalted by your worship.
You were not hungry.

You visited 4 branches of the dungeon, and saw 15 of its levels.
You also visited: Volcano.

You collected 1981 gold pieces.

Inventory:

Weapons
 a - a +0 triple crossbow
 F - a +0 longbow Shields
 D - a +1 buckler of reflection
 G - the +4 buckler of Existentialism {rC+ Str+4 Dex-3}
   (You found it on level 1 of the Lair of Beasts)

   Base shield rating: 3 Skill to remove penalty: 4.0 It affects your strength
   (+4).
   It affects your dexterity (-3).
   It protects you from cold.
Armour
 k - a scarf of spirit shield (worn)
 t - a +2 hat of strength (worn)
 w - a +2 pair of clawed gauntlets of freezing (worn)
 N - a +0 cloak
Jewellery
 g - a ring of magical power (right claw)
 I - a ring of magical power (left claw)
 P - an uncursed amulet of guardian spirit
 Q - an amulet of regeneration (around neck)
Wands
 l - a wand of polymorph (24)
 y - a wand of flame (67)
 A - a wand of ensnaring (10)
 B - a wand of random effects (70)
 J - a wand of hasting (1)
 L - a wand of scattershot (6)
 M - a wand of disintegration (1)
Scrolls
 c - a scroll of fear
 n - a scroll of fog
 o - 4 scrolls of magic mapping
 p - 5 scrolls of blinking
 q - 3 scrolls of summoning
 r - 2 scrolls of holy word
 x - a scroll of silence
 C - 2 scrolls of amnesia
 E - 16 scrolls of teleportation
Potions
 d - a potion of resistance
 e - 10 potions of curing
 f - 6 potions of agility
 h - 4 potions of heal wounds
 i - 5 potions of haste
 j - a potion of berserk rage
 s - 3 potions of brilliance
 u - 2 potions of might
 v - 4 potions of ambrosia
 z - 2 potions of magic
 K - a potion of mutation
Comestibles
 b - 29 rations


   Skills:
 + Level 10.5 Fighting
 + Level 7.8 Dodging
 - Level 2.0 Stealth
 * Level 16.0 Unarmed Combat
 - Level 1.3 Spellcasting
 - Level 1.5 Fire Magic
 + Level 16.8 Invocations


You had 14 spell levels left.
You knew the following spells:

 Your Spells              Type           Power        Failure   Level  Hunger
a - Flame Tongue          Fire           4 (30)       14%         1    ##.....

Your spell library contained the following spells:

 Spells                   Type           Power        Failure   Level  Hunger
 Beastly Appendage        Tmut           0 (50)       26%         1    ##.....
 Freeze                   Ice            0 (25)       26%         1    ##.....
 Blink                    Tloc           N/A          38%         2    ###....
 Call Imp                 Summ           0 (100)      38%         2    ###....
 Slow                     Hex            0 (100)      38%         2    ###....
 Sticks to Snakes         Tmut           0 (100)      38%         2    ###....
 Throw Frost              Ice            0 (50)       38%         2    ###....
 Conjure Flame            Fire           4 (100)      41%         3    ####...
 Mephitic Cloud           Pois/Air       1 (100)      63%         3    ####...
 Ozocubu's Armour         Chrm/Ice       0 (100)      63%         3    ####...
 Scorpion Form            Tmut/Pois      1 (200)      63%         3    ####...
 Snakes to Sticks         Hex/Tmut       0 (100)      63%         3    ####...
 Hailstorm                Ice            0 (100)      95%         4    #####..
 Ice Form                 Ice/Tmut       0 (100)      95%         4    #####..
 Summon Ice Beast         Ice/Summ       0 (100)      95%         4    #####..
 Throw Icicle             Ice            0 (100)      95%         4    #####..
 Blade Hands              Tmut           0 (200)      100%        5    ######.


Dungeon Overview and Level Annotations

Branches:
Dungeon (6/8)              Temple (1/1) D:4            Lair (6/6) D:5
 Shoals (0/4) Lair:4       Spider (0/4) Lair:3        Slime (0/5) Lair:5
    Orc (2/2) D:6             Elf (0/3) Orc:2       Volcano (visited)

Altars:
Ashenzari Bahamut & Tiamat
Elyvilon
Fedhas Madash
Hepliaklqana
Kikubaaqudgha
Makhleb
Okawaru
Qazlal
Sif Muna
Uskayaw
Vehumet
Wu Jian
Xom
Zin
The Shining One
Jiyva

Annotations:
D:6 1 runed translucent door
Lair:3 2 transporters, Gammafunk
Lair:4 exclusion: 3 oklob plants


Innate Abilities, Weirdness & Mutations

You cannot fit into any form of body armour.
Your lurid green scales are hard. (AC +9)
You can breathe clouds of noxious fumes.
You have razor-sharp toenails.
You are completely covered in rugged brown scales. (AC +3, +7% HP)
You may emit foul miasma when damaged in melee.
You are mostly covered in sharp spines.
You are cold-blooded and may be slowed by cold attacks.
You are immune to rotting.
You are naturally skilled at Axes & Hammers (Aptitude +3).
You are naturally skilled at Whips & Flails (Aptitude +3).
You are naturally skilled at Stealth (Aptitude +3).
You are strongly in touch with the powers of venom.
Your lurid green scales grant you resistance to poison. (rPois)


Message History

* * * LOW HITPOINT WARNING * * *
The ice devil is struck by your spines (9)!
The ice devil hits you but does no damage.
The orc sorcerer casts a spell.
The red devil hits you but does no damage.
The neqoxec gestures.
The hellwing hits you but does no damage. x2
The ice devil is struck by your spines (6).
The ice devil hits you but does no damage.
The ice devil is struck by your spines (10)!
The ice devil hits you but does no damage.
The red devil hits you but does no damage.
The smoke demon gestures at you.
The sticky flame hits you but does no damage (0).
You are covered in liquid flames!
The neqoxec gestures.
You are covered in liquid flames!
* * * LOW HITPOINT WARNING * * *
The hellwing hits you (10)!
You die...

.#.. ...# #.... ....
#..... ..... ......#.#
....†#####......#.#
..)†)o........##.#
.o††.o4†.....##..## #
######44)######....## ##
...5o5.@.)..........###.
.....3.4........[....##.
...3......[.)....†#.##..
....5..........)..###.#.
..................#.....
#.#.....................
...............##.#.###.
..........>...#######..
.............# #..


You could see a hellwing, 2 ice devils, a smoke demon, a neqoxec, 2 orc
sorcerers, a red devil, a crimson imp, a white imp, an orc and an ufetubus.

Vanquished Creatures
  An orc warlord (Orc:2)
  A mummy priest (Lair:1)
  Erolcha (Orc:2)
  5 boulder beetles
  Urug (Lair:1)
  A hell hog (Volcano)
  An ogre mage (Orc:1)
  2 orc high priests (Orc:2)
  3 swooping magpies
  3 two-headed ogres
  8 hydras
  A fire crab (Volcano)
  An orc knight (Orc:1)
  A manticore (D:6)
  A death yak (Lair:4)
  A merfolk siren (Lair:4)
  21 giraffes
  2 molten gargoyles (Volcano)
  An orc sorcerer (Orc:1)
  Maurice (Orc:2)
  5 black mambas
  8 trolls
  An ugly thing (D:6)
  14 spiny frogs
  14 elephants
  2 rime drakes
  2 wolf spiders (Lair:1)
  8 komodo dragons
  3 polar bears
  A hornet (D:6)
  21 blink frogs
  6 dream sheep
  A hippogriff (D:5)
  A shadow (D:6)
  Grum (Lair:1)
  2 wyverns
  2 cyclopes (D:6)
  4 steam dragons
  15 yaks
  3 war dogs (Lair:1)
  Menkaure (D:3)
  9 basilisks
  8 fire bats (Volcano)
  A wolf spider zombie (D:4)
  A guardian mummy (Lair:1)
  A hungry ghost (D:5)
  2 wargs (Orc:1)
  2 redbacks
  A slime creature (D:2)
  5 phantoms
  A necrophage (D:3)
  28 orc warriors
  26 water moccasins
  9 porcupines
  13 ogres
  4 sky beasts
  An eye of draining (D:6)
  8 wolves (Lair:3)
  15 crocodiles
  9 big kobolds
  14 bullfrogs
  A gnoll sergeant (D:6)
  2 howler monkeys
  A wight (D:6)
  18 electric eels
  5 lava snakes (Volcano)
  A crimson imp (D:3)
  19 orc priests
  2 hounds (D:6)
  9 jellies
  28 orc wizards
  5 worker ants
  5 giant cockroaches (D:2)
  A bullfrog zombie (D:6)
  6 bullfrog skeletons
  20 adders
  51 sewer rats
  3 cinder newts
  9 worms
  3 oozes
  2 dart slugs
  3 leopard geckos
  50 orcs
  2 cinder newt skeletons (D:2)
  2 goblins (D:1)
  10 jackals
  3 quokkas
  2 ball pythons (D:2)
  2 bats
  A hobgoblin skeleton (D:2)
  24 kobolds
  2 leopard gecko skeletons (D:3)
  An orc skeleton (D:2)
  9 rats
  A bush (Lair:5)
  A fungus (Lair:6)
  4 withered plants (D:2)
638 creatures vanquished.

Vanquished Creatures (collateral kills)
  An orc high priest (Orc:2)
  2 orc priests (Orc:2)
3 creatures vanquished.

Vanquished Creatures (others)
  A basilisk (D:5)
  An adder (Lair:3)
  An orc (Orc:2)
  A bat skeleton (D:2)
  7 plants
  179 withered plants (D:2)
190 creatures vanquished.

Grand Total: 831 creatures vanquished

Notes
Turn   | Place    | Note
-------+----------+-------------------------------------------
     0 | D:1      | esc the Immature Draconian Demonspawn began the quest for
                  | the Orb.
     0 | D:1      | Reached XP level 1. HP: 16/16 MP: 3/3
   210 | D:1      | Gained mutation: You are immune to rotting. [demonic
                  | ancestry]
   210 | D:1      | Reached XP level 2. HP: 23/23 MP: 4/4
   729 | D:1      | Gained mutation: You have sharp toenails. [demonic
                  | ancestry]
   729 | D:1      | Reached XP level 3. HP: 28/28 MP: 5/5
   985 | D:2      | Reached XP level 4. HP: 35/35 MP: 6/6
  1014 | D:2      | Gained mutation: You are partially covered in sharp spines.
                  | [demonic ancestry]
  1014 | D:2      | Reached XP level 5. HP: 35/40 MP: 7/7
  1096 | D:2      | Reached skill level 5 in Unarmed Combat
  1240 | D:2      | Gained mutation: You may emit foul miasma when damaged in
                  | melee. [demonic ancestry]
  1240 | D:2      | Reached XP level 6. HP: 48/48 MP: 8/8
  1484 | D:2      | Your scales start taking on a lurid green colour.
  1484 | D:2      | Reached XP level 7. HP: 57/57 MP: 9/9
  1484 | D:2      | Gained mutation: Your lurid green scales grant you
                  | resistance to poison. (rPois) [Green Draconian growth]
  1484 | D:2      | Gained mutation: You are strongly in touch with the powers
                  | of venom. [Green Draconian growth]
  1889 | D:2      | Reached XP level 8. HP: 60/67 MP: 10/10
  2154 | D:2      | Reached skill level 5 in Fighting
  2573 | D:2      | Found a glowing silver altar of Zin.
  2782 | D:3      | Noticed Menkaure
  2794 | D:3      | Killed Menkaure
  2794 | D:3      | Reached skill level 5 in Dodging
  2882 | D:3      | Reached XP level 9. HP: 75/78 MP: 11/11
  3367 | D:4      | Found a staircase to the Ecumenical Temple.
  3402 | Temple   | Entered the Ecumenical Temple
  3593 | Temple   | Became a worshipper of Bahamut & Tiamat
  3770 | D:4      | Noticed a three-headed hydra
  3776 | D:4      | Killed a three-headed hydra
  3776 | D:4      | Reached skill level 10 in Unarmed Combat
  3776 | D:4      | Gained mutation: You are naturally skilled at Axes &
                  | Hammers (Aptitude +3). [draconic bloodline]
  3776 | D:4      | Gained mutation: You are mostly covered in sharp spines.
                  | [demonic ancestry]
  3776 | D:4      | Reached XP level 10. HP: 83/84 MP: 12/12
  4132 | D:5      | Entered Level 5 of the Dungeon
  4136 | D:5      | Reached * piety under Bahamut & Tiamat
  4377 | D:5      | Found a staircase to the Lair.
  4559 | D:5      | Identified the +0 ring mail of the Sun {rPois rC- rN+
                  | Dex+2}
  4573 | D:5      | Reached ** piety under Bahamut & Tiamat
  4798 | D:6      | Noticed a manticore
  4805 | D:6      | Killed a manticore
  4805 | D:6      | Reached skill level 5 in Invocations
  4870 | D:6      | Found a runed translucent door.
  4962 | D:6      | Gained mutation: You are partially covered in rugged brown
                  | scales. (AC +1, +3% HP) [demonic ancestry]
  4962 | D:6      | Reached XP level 11. HP: 65/93 MP: 15/15
  5207 | D:6      | Reached *** piety under Bahamut & Tiamat
  5265 | D:6      | Found a staircase to the Orcish Mines.
  5332 | D:6      | Identified the +3 robe "Oqerot" {rF+ rCorr Int-3}
  5646 | Lair:1   | Entered Level 1 of the Lair of Beasts
  5885 | Lair:1   | Found a gate leading to a gauntlet.
  5942 | Lair:1   | Noticed a mummy priest
  5955 | Lair:1   | Reached skill level 10 in Invocations
  5960 | Lair:1   | Identified the +4 buckler of Existentialism {rC+ Str+4
                  | Dex-3}
  5968 | Lair:1   | Killed a mummy priest
  5968 | Lair:1   | Reached **** piety under Bahamut & Tiamat
  6211 | Lair:1   | Noticed Grum
  6221 | Lair:1   | Killed Grum
  6251 | Lair:1   | Gained mutation: You are naturally skilled at Stealth
                  | (Aptitude +3). [draconic bloodline]
  6251 | Lair:1   | Gained mutation: You are mostly covered in rugged brown
                  | scales. (AC +2, +5% HP) [demonic ancestry]
  6251 | Lair:1   | Reached XP level 12. HP: 74/101 MP: 20/20
  6559 | Lair:1   | Noticed Urug
  6560 | Lair:1   | Noticed a boulder beetle
  6581 | Lair:1   | Killed a boulder beetle
  6586 | Lair:1   | Killed Urug
  6973 | Lair:2   | Reached ***** piety under Bahamut & Tiamat
  7653 | Lair:3   | Found a hole to the Spider Nest.
  7675 | Lair:3   | Noticed a boulder beetle
  7683 | Lair:3   | Killed a boulder beetle
  7738 | Lair:3   | Gained mutation: You are completely covered in rugged brown
                  | scales. (AC +3, +7% HP) [demonic ancestry]
  7738 | Lair:3   | Gained mutation: You are strongly in touch with the powers
                  | of venom. [Green Draconian growth]
  7738 | Lair:3   | Reached XP level 13. HP: 69/112 MP: 23/23
  7811 | Lair:3   | Found a transporter.
  7811 | Lair:3   | Found a transporter.
  7817 | Lair:3   | Noticed Gammafunk
  8298 | Lair:3   | Reached skill level 15 in Invocations
  9079 | Lair:4   | Reached ****** piety under Bahamut & Tiamat
  9269 | Lair:4   | Found a staircase to the Shoals.
  9906 | Lair:5   | Found a viscous altar of Jiyva.
  9907 | Lair:5   | Found a staircase to the Slime Pits.
  9912 | Lair:5   | Reached skill level 15 in Unarmed Combat
 10381 | Lair:5   | Gained mutation: You are naturally skilled at Whips &
                  | Flails (Aptitude +3). [draconic bloodline]
 10381 | Lair:5   | Gained mutation: You have razor-sharp toenails. [demonic
                  | ancestry]
 10381 | Lair:5   | Reached XP level 14. HP: 117/126 MP: 25/25
 10471 | Lair:6   | Entered Level 6 of the Lair of Beasts
 10523 | Lair:6   | Found a hazy altar of Hepliaklqana.
 10779 | Lair:6   | Found a dark tunnel.
 11036 | Volcano  | Entered a volcano
 11408 | Volcano  | Found a radiant altar of Vehumet.
 11534 | Volcano  | Identified the +1 long sword of Cowardice {acid, Stlth+}
 12038 | Orc:1    | Entered Level 1 of the Orcish Mines
 12093 | Orc:1    | Identified the cursed ring "Wuaqucewomp" {rC+ AC+5 Dex+6,
                  | (Curse: Fragile)}
 12110 | Orc:1    | Reached skill level 10 in Fighting
 12293 | Orc:2    | Entered Level 2 of the Orcish Mines
 12373 | Orc:2    | Identified the cursed ring "Ochoabbi" {Str+5 Dex+5, (Curse:
                  | Fragile)}
 12373 | Orc:2    | Noticed Maurice
 12384 | Orc:2    | Killed Maurice
 12440 | Orc:2    | Noticed Erolcha
 12448 | Orc:2    | Killed Erolcha
 12482 | Orc:2    | Noticed an orc warlord
 12515 | Orc:2    | Killed an orc warlord
 12744 | Orc:2    | Found a staircase to the Elven Halls.
 13005 | Orc:2    | HP: 6/130 [burnt (7)]
 13005 | Orc:2    | Slain by a hellwing

Levels and vault maps discovered:
D:1:      eino_arrival_cavern_c, layout_basic, lightli_sewer_entry_pipes
D:2:      layout_sewer, elyvilon_niche
D:3:      layout_twisted_cavern, first_ration, uniq_menkaure
D:4:      layout_cross, minmay_temple_entry_overgrown, hangedman_ranch
          [blue_anna_fruit_fields]
D:5:      layout_cave_pools, erik_lair_dragon
D:6:      ossuary_the_hunt_dpeg, layout_rooms, david_orc_4
Temple:   eino_temple_scatter_basement
Lair:1:   layout_cave_pods, gauntlet_entry_generic, chequers_ossuary_entry_cave,
          infiniplex_staircase_pool_2, uniq_urug, uniq_grum
Lair:2:   layout_gridlike, grunt_megastairs_3, lemuel_fruit_tree,
          serial_bayou_shore_b
Lair:3:   lemuel_reptile_caves, layout_gridlike, spider_nest_entry_a,
          uniq_gammafunk_teleport
Lair:4:   layout_hall_layers, minmay_shoals_entry_lonely_mermaid,
          minmay_lair_oklob_chamber, serial_bayou_shore_a,
          infiniplex_staircase_pool
Lair:5:   layout_concentric_octagons, slime_altar_1
Lair:6:   due_jungle_book, layout_gridlike, nicolae_volcano_entry_lava_flow,
          basic_altar, grunt_megastairs_2, lemuel_fruit_fields,
          serial_bayou_shore_b
Orc:1:    layout_diamond_mine
Orc:2:    st_orc_mages, layout_caves, mumra_transporter_accident, uniq_maurice,
          uniq_erolcha

Skill      XL: |  1  2  3  4  5  6  7  8  9 10 11 12 13 14 |
---------------+-------------------------------------------+-----
Unarmed Combat | 2 3 4 5 6 7 10 12 13 14 15 16 | 16.0
Fighting       | 3 4 6 7 9 10 | 10.5
Dodging        | 3 4 5 6 7 |  7.8
Invocations    | 6 11 14 15 16 | 16.8
Stealth        | 2 |  2.0
Spellcasting   | |  1.3
Fire Magic     | |  1.5

Action                   |  1- 3 |  4- 6 |  7- 9 | 10-12 | 13-15 || total
-------------------------+-------+-------+-------+-------+-------++-------
Melee: Unarmed           |   101 |   264 |   378 |   487 |   656 ||  1886
       Tailslap          |     4 |    10 |    26 |    35 |    36 ||   111
       Kick              |     5 |    26 |    58 |    93 |    74 ||   256
 Fire: Triple crossbow   |       |       |       |    25 |     5 ||    30
 Cast: Flame Tongue      |     3 |    11 |       |       |       ||    14
Invok: Choose Tiamat's R |       |       |     1 |       |       ||     1
       Choose Tiamat's A |       |       |       |     1 |       ||     1
       Choose Tiamat's S |       |       |       |     1 |       ||     1
       Summon Drakes     |       |       |       |     1 |       ||     1
       Choose Tiamat's T |       |       |       |       |     1 ||     1
 Abil: Breathe Dart      |     1 |     3 |       |       |       ||     4
       Breathe Noxious F |       |       |     8 |     7 |    17 ||    32
Evoke: Wand              |       |       |       |     1 |       ||     1
  Use: Scroll            |       |       |       |       |     6 ||     6
 Stab: Sleeping          |     1 |       |     2 |     2 |     5 ||    10
       Confused          |       |       |     8 |     9 |    30 ||    47
       Distracted        |       |       |       |       |     1 ||     1
  Eat: Chunk             |       |     3 |     7 |    16 |    13 ||    39
       Ration            |       |     1 |       |       |     2 ||     3
Armor: Skin              |     5 |    13 |    18 |    60 |   122 ||   218
Dodge: Dodged            |    17 |    47 |    67 |    69 |   126 ||   326
